 Dungeon Crawl Stone Soup version 0.27-a0-668-gb5737ff2c0 (webtiles) character file.

Game seed: 4423418175978384673

1729 kae the Ruffian (level 9, -3/78 HPs)
             Began as a Naga Transmuter on Mar 17, 2021.
             Slain by a gnoll
             ... wielding a +0 spear
              (6 damage)
             ... on level 6 of the Dungeon.
             The game lasted 00:13:54 (10503 turns).

kae the Ruffian (Naga Transmuter)                  Turns: 10503, Time: 00:13:55

Health: -3/78      AC:  2    Str: 16    XL:     9   Next: 5%
Magic:  12/15      EV: 20    Int: 13    God:
Gold:   173        SH:  0    Dex: 17    Spells: 8/16 levels left

rFire    . . .     SeeInvis +     - Unarmed
rCold    . . .     Faith    .   (shield currently unavailable)
rNeg     . . .     Spirit   .   (armour currently unavailable)
rPois    x         Reflect  .   (helmet currently unavailable)
rElec    .         Harm     .   (cloak currently unavailable)
rCorr    .         Rampage  .   (gloves currently unavailable)
Will     +....                  (no barding)
Stlth    +.........             e - amulet of the acrobat
HPRegen  0.23/turn              (no ring)
MPRegen  0.14/turn              (no ring)

@: mighty, coronaed, spider-form (expiring), glowing
A: venomous fangs, AC +3, tiny, see invisible, (deformed body), (poison
resistance), (slowness 2), spit poison 1, (naga tail 1)
a: Spit Poison, End Transformation


You were on level 6 of the Dungeon.
You were a venomous arachnid creature.
You visited 2 branches of the dungeon, and saw 7 of its levels.
You also visited: Ossuary.

You collected 231 gold pieces.
You spent 58 gold pieces at shops.

Inventory:

Armour
 a - a +1 robe (melded)
Jewellery
 e - an amulet of the acrobat (around neck)
 h - the ring "Cycoolodgh" {*Drain rC+ Will+ AC+4 Str+4}
   (You acquired it in an ossuary)

   [ring of protection]

   It affects your AC (+4).
   It affects your strength (+4).
   It protects you from cold.
   It affects your willpower, your defense against some magical effects.
   It causes draining when unequipped.
 l - a ring of protection from fire
 m - an amulet of guardian spirit
Scrolls
 d - 3 scrolls of identify
 f - 2 scrolls of enchant weapon
 g - a scroll of magic mapping
Potions
 b - 2 potions of degeneration
 c - 2 potions of magic
 i - a potion of flight
 n - a potion of curing


   Skills:
 + Level 3.7 Fighting
 + Level 3.5 Dodging
 * Level 6.3 Unarmed Combat
 + Level 4.0 Spellcasting
 * Level 6.0 Transmutations
 * Level 3.1 Ice Magic
 - Level 3.0 Poison Magic


You had 8 spell levels left.
You knew the following spells:

 Your Spells              Type           Power      Damage    Failure   Level
a - Beastly Appendage     Tmut           36%        N/A       8%          1
b - Spider Form           Tmut/Pois      7%         N/A       24%         3
c - Ice Form              Ice/Tmut       14%        N/A       54%         4

Your spell library contained the following spells:

 Spells                   Type           Power      Damage    Failure   Level
 Wereblood                Tmut           18%        N/A       10%         2
 Ensorcelled Hibernation  Hex/Ice        12%        N/A       36%         2
 Corona                   Hex            2%         N/A       41%         1
 Summon Small Mammal      Summ           8%         N/A       41%         1
 Call Imp                 Summ           2%         N/A       52%         2
 Blade Hands              Tmut           9%         N/A       65%         5
 Call Canine Familiar     Summ           2%         N/A       73%         3
 Confusing Touch          Hex            2%         N/A       73%         3
 Dazzling Flash           Conj/Hex       4%         N/A       73%         3
 Summon Guardian Golem    Hex/Summ       2%         N/A       73%         3
 Tukima's Dance           Hex            2%         N/A       73%         3
 Summon Ice Beast         Ice/Summ       6%         N/A       88%         4
 Summon Lightning Spire   Summ/Air       2%         N/A       97%         4


Dungeon Overview and Level Annotations

Branches:
Dungeon (6/15)             Temple (1/1) D:5         Ossuary (visited)

Altars:
Ashenzari
Dithmenos
Elyvilon
Fedhas
Gozag
Hepliaklqana
Kikubaaqudgha
Nemelex Xobeh
Okawaru
Qazlal
Ru
Sif Muna
Trog
Uskayaw
Wu Jian
Xom
Yredelemnul
The Shining One

Shops:
D:3 *=!

Annotations:
D:2 Sigmund


Innate Abilities, Weirdness & Mutations

You are a venomous arachnid creature.
You have poisonous fangs.
You are tiny and dextrous.
Your spellcasting is less reliable in this form.
Your armour is entirely melded.
You are incapable of wielding weapons or throwing items.
((Your serpentine skin is tough. (AC +3)))
You have supernaturally acute eyesight. (SInv)
((Armour fits poorly on your strangely shaped body.))
((Your system is resistant to poisons. (rPois)))
((You cover ground very slowly.))
You can spit poison.
((You have a snake-like lower body.))


Message History

The gnoll shaman looks as sick as possible!
The gnoll shaman is severely wounded.
The gnoll completely misses you. x2; The gnoll hits you.
The gnoll hits you from afar with a +0 spear.
* * * LOW HITPOINT WARNING * * *
Okay, then.
You feel much better.
Your transformation is almost over.
You kill the gnoll shaman!
The gnoll hits you from afar with a +0 spear.
The gnoll completely misses you. The gnoll barely misses you.
The gnoll closely misses you.
You aren't carrying any items that you can evoke.
Okay, then.
You feel very mighty all of a sudden. The gnoll closely misses you.
The gnoll hits you from afar with a +0 spear!
The gnoll closely misses you. The gnoll completely misses you.
You barely miss the gnoll. The gnoll misses you.
The gnoll closely misses you. x3
You bite the gnoll!
You kill the gnoll!
The gnoll hits you from afar with a +0 spear!
Your Transmutations skill increases to level 6!
The gnoll completely misses you. x2; The gnoll closely misses you.
You see here a gnoll corpse.
You barely miss the gnoll.
The gnoll hits you from afar with a +0 spear!
* * * LOW HITPOINT WARNING * * *
The gnoll misses you. The gnoll hits you with a +0 spear.
* * * LOW HITPOINT WARNING * * *
You bite the gnoll!
The gnoll is severely wounded.
The gnoll hits you from afar with a +0 spear!
* * * LOW HITPOINT WARNING * * *
The gnoll barely misses you.
The black bear bites you but does no damage.
The black bear claws you.
* * * LOW HITPOINT WARNING * * *
The black bear completely misses you. The gnoll hits you with a +0 spear.
You die...

#### #####.....
#.#h......
###)sg......
###....g......
##....).g......
#..............
####........!.....
........$.........
..................
...#..(...........
.###............


You could see a black bear and 3 gnolls.

Vanquished Creatures
  Menkaure (Ossuary)
  An ice beast (D:5)
  A phantom (D:6)
  4 elf zombies (D:5)
  A bullfrog (D:6)
  2 elf skeletons (D:5)
  A water moccasin zombie (D:5)
  A bullfrog zombie (D:5)
  A hound (D:4)
  2 orc priests (D:2)
  2 bullfrog skeletons
  2 centaur skeletons (D:5)
  A gnoll shaman (D:6)
  5 worker ants
  Natasha (thrice) (D:4)
  4 orc wizards
  2 human skeletons (D:5)
  A hound skeleton (D:4)
  3 mummies (Ossuary)
  2 gnolls (D:6)
  10 adders
  A shadow imp (D:6)
  An adder skeleton (D:4)
  2 worms (D:2)
  2 dart slugs
  4 leopard geckos
  16 orcs
  A ball python (D:1)
  5 giant cockroaches
  4 gnoll zombies (Ossuary)
  12 goblins
  5 hobgoblins
  4 jackals (D:4)
  4 quokkas
  10 bats
  5 frilled lizards
  7 gnoll skeletons (Ossuary)
  2 goblin skeletons (Ossuary)
  2 goblin zombies (Ossuary)
  2 hobgoblin skeletons (Ossuary)
  4 hobgoblin zombies (Ossuary)
  5 kobolds
  4 kobold skeletons (Ossuary)
  3 kobold zombies (Ossuary)
  7 orc skeletons
  8 orc zombies
  11 rats
  3 rat skeletons (Ossuary)
  5 rat zombies (Ossuary)
189 creatures vanquished.

Vanquished Creatures (others)
  2 ogres (D:4)
  A worker ant (D:4)
  An orc wizard (D:5)
  A frilled lizard (D:4)
  A hobgoblin skeleton (Ossuary)
  An orc skeleton (Ossuary)
  A plant (D:2)
8 creatures vanquished.

Grand Total: 197 creatures vanquished

Notes
Turn   | Place    | Note
-------+----------+-------------------------------------------
     0 | D:1      | kae the Naga Transmuter began the quest for the Orb.
     0 | D:1      | Reached XP level 1. HP: 18/18 MP: 3/3
   189 | D:1      | Reached XP level 2. HP: 21/25 MP: 5/5
   870 | D:1      | Reached XP level 3. HP: 29/31 MP: 6/6
  2011 | D:2      | Found a glowing golden altar of the Shining One.
  2051 | D:2      | Found a bloodstained altar of Trog.
  2145 | D:2      | Reached XP level 4. HP: 36/38 MP: 7/7
  2437 | D:2      | Noticed Sigmund
  2665 | D:2      | Found a blossoming altar of Fedhas.
  2665 | D:2      | Found an ancient bone altar of Kikubaaqudgha.
  3409 | D:3      | Found Halei's Distillery.
  3647 | D:2      | Reached XP level 5. HP: 14/45 MP: 6/8
  3928 | D:3      | Found Gaicve Vuro's Assorted Antiques.
  3945 | D:2      | Learned a level 3 spell: Spider Form
  4023 | D:3      | Bought a potion of degeneration for 10 gold pieces
  4233 | D:2      | Reached XP level 6. HP: 17/52 MP: 6/10
  4820 | D:3      | Bought a scroll labelled WELEIM AQEY for 24 gold pieces
  4820 | D:3      | Bought a scroll labelled NACSAI EBUMOGA for 24 gold pieces
  4923 | D:3      | Found Uvo Efuk's Jewellery Shop.
  5229 | D:4      | Learned a level 4 spell: Ice Form
  5230 | D:4      | Found a shimmering altar of Xom.
  5550 | D:4      | Reached skill level 1 in Poison Magic
  5677 | D:4      | Noticed Natasha
  5686 | D:4      | Killed Natasha
  5884 | D:4      | Noticed Natasha
  5892 | D:4      | Killed Natasha
  6103 | D:4      | Reached XP level 7. HP: 28/61 MP: 8/11
  6161 | D:4      | Noticed Natasha
  6171 | D:4      | Killed Natasha
  6749 | D:5      | Entered Level 5 of the Dungeon
  6749 | D:5      | Found a sparkling altar of Nemelex Xobeh.
  7033 | D:5      | Reached skill level 5 in Unarmed Combat
  7296 | D:5      | Found a sand-covered staircase.
  7310 | Ossuary  | Entered an ossuary
  8245 | Ossuary  | Reached XP level 8. HP: 57/68 MP: 13/13
  8352 | Ossuary  | Noticed Menkaure
  8375 | Ossuary  | Killed Menkaure
  8376 | Ossuary  | Reached skill level 5 in Transmutations
  8376 | Ossuary  | Reached skill level 1 in Ice Magic
  8675 | Ossuary  | Identified a scroll of acquirement
  8675 | Ossuary  | Acquired the ring "Cycoolodgh" {*Drain rC+ Will+ AC+4
                  | Str+4}
  9184 | D:5      | Found a staircase to the Ecumenical Temple.
  9231 | Temple   | Entered the Ecumenical Temple
 10484 | D:6      | Reached XP level 9. HP: 38/78 MP: 12/15
 10503 | D:6      | HP: 3/78 [black bear (1)]
 10503 | D:6      | Slain by a gnoll

Illustrated notes

Levels and vault maps discovered:
D:1:      minmay_arrival_cross, layout_rooms, serial_curves, eino_curves_02,
          eino_curves_02, minivault_25
D:2:      layout_basic, grunt_temple_overflow_growth_and_decay,
          general_overflow_altar, chequers_serial_rivers_room_b,
          trog_three_pillars_becter, uniq_sigmund
D:3:      layout_rooms, serial_shops, shop, shop_statue, shop_statue,
          portal_sewer_entry_a, minmay_fractal_squares_diagonal_5
D:4:      layout_gridville, xom_confusion_cloud, uniq_natasha
D:5:      layout_basic, minmay_temple_entry_wispy,
          nicolae_ossuary_entry_catacombs, basic_altar, minmay_hedge_maze,
          corexii_leaking_fountain, minmay_misc_feat_rugged
D:6:      layout_layer_cave, lemuel_crystal_altar,
          lemuel_coloured_pillars_altar, minmay_three_doors
Temple:   eino_temple_lava

Skill      XL: |  1  2  3  4  5  6  7  8  9 |
---------------+----------------------------+-----
Dodging        | 2 3 |  3.5
Transmutations | 3 4 5 6 |  6.0
Unarmed Combat | 4 5 6 |  6.3
Fighting       | 2 3 |  3.7
Poison Magic   | 1 3 |  3.0
Spellcasting   | 3 4 |  4.0
Ice Magic      | 3 |  3.1

Action                   |  1- 3 |  4- 6 |  7- 9 || total
-------------------------+-------+-------+-------++-------
Melee: Unarmed           |    87 |   180 |   402 ||   669
       Headbutt          |       |     2 |    13 ||    15
       Punch             |       |       |     3 ||     3
 Cast: Beastly Appendage |       |     8 |    18 ||    26
       Spider Form       |       |    15 |    25 ||    40
 Abil: Spit Poison       |    29 |    39 |     6 ||    74
  Use: Scroll            |     3 |     5 |     5 ||    13
       Potion            |       |     3 |     6 ||     9
 Stab: Sleeping          |       |       |     4 ||     4
Armor: Robe              |    14 |    31 |    21 ||    66
       Skin              |       |     1 |     6 ||     7
Dodge: Dodged            |    55 |   137 |   242 ||   434

Table legend: (Time is in decaauts)
 A = Elapsed time spent in this place.
 B = Non-inter-level travel time spent in this place.
 C = Inter-level travel time spent in this place.
 D = Time resting spent in this place.
 E = Time spent auto-exploring this place.
 F = Levels seen in this place.
 G = Mean time per level.
                   A        B        C        D        E       F      G
               +--------+--------+--------+--------+--------+-----+--------+
         Total |  11962 |  11854 |    108 |   2080 |   8035 |   8 | 1495.2 |
       Dungeon |  10197 |  10102 |     95 |   1466 |   7238 |   6 | 1699.5 |
        Temple |    308 |    296 |     12 |    210 |     75 |   1 |  308.0 |
       Ossuary |   1457 |   1457 |      0 |    404 |    721 |   1 | 1457.0 |
               +--------+--------+--------+--------+--------+-----+--------+

Top non-repeatable levels by time:
     D:2: 2959 daAuts
     D:5: 2192 daAuts
     D:4: 1829 daAuts
     D:1: 1723 daAuts
 Ossuary: 1457 daAuts
     D:3: 1290 daAuts
  Temple: 308 daAuts
     D:6: 202 daAuts
